 Dungeon Crawl Stone Soup version 0.26.0-10-g1f06aea511 (webtiles) character file.

Game seed: 13734519790954671432

13 inc the Vexing (level 2, -1/11 HPs)
             Began as a Felid Enchanter on Jan 30, 2021.
             Slain by a hobgoblin (5 damage)
             ... on level 1 of the Dungeon.
             The game lasted 00:00:51 (961 turns).

inc the Vexing (Felid Enchanter)                     Turns: 961, Time: 00:00:53

Health: -1/11      AC:  1    Str:  4    XL:     2   Next: 24%
Magic:  6/6        EV: 19    Int: 16    God:
Gold:   18         SH:  0    Dex: 16    Spells: 4/5 levels left
                                        Lives:  0   Deaths: 0

rFire    . . .     SeeInvis +     - Unarmed
rCold    . . .     Faith    .   (shield unavailable)
rNeg     . . .     Spirit   .   (armour unavailable)
rPois    .         Reflect  .   (helmet unavailable)
rElec    .         Harm     .   (cloak unavailable)
rCorr    .         Rampage  .   (gloves unavailable)
Will     .....                  (boots unavailable)
Stlth    +++.......             (no amulet)
HPRegen  0.03/turn              (no ring)
MPRegen  0.10/turn              (no ring)

@: quick
A: very small, no armour, no weapons or thrown items, stealth, claws 1, fangs 3,
see invisible, speed 1, shaggy fur 1, sharp paws
a: no special abilities


You were on level 1 of the Dungeon.
You visited 1 branch of the dungeon, and saw 1 of its levels.

You collected 18 gold pieces.

Inventory:

Scrolls
 a - a scroll of remove curse {unknown}
 d - a scroll of teleportation {unknown}
Potions
 b - a potion of curing {unknown}
 c - a potion of flight {unknown}


   Skills:
 + Level 4.0 Dodging
 - Level 4.0 Stealth
 - Level 1.0 Unarmed Combat
 - Level 2.0 Spellcasting
 - Level 4.4 Hexes


You had 4 spell levels left.
You knew the following spells:

 Your Spells              Type           Power        Failure   Level
a - Corona                Hex            16%          3%          1

Your spell library contained the following spells:

 Spells                   Type           Power        Failure   Level
 Confusing Touch          Hex            15%          11%         3
 Tukima's Dance           Hex            15%          11%         3
 Ensorcelled Hibernation  Hex/Ice        16%          13%         2
 Dazzling Flash           Conj/Hex       16%          26%         3


Dungeon Overview and Level Annotations

Branches:
Dungeon (1/15)

Altars:


Innate Abilities, Weirdness & Mutations

You cannot wear armour.
You are incapable of wielding weapons or throwing items.
Your paws allow you to move quietly. (Stealth)
You have sharp claws.
You have razor-sharp teeth.
You have supernaturally acute eyesight. (SInv)
You cover ground quickly.
You are covered in fur. (AC +1)
Your sharp claws are effective at attacking unaware monsters.


Message History

The bat barely misses you. The goblin barely misses you.
The gnoll closely misses you.
A hobgoblin comes into view.
You scratch the gnoll but do no damage.
The gnoll is heavily wounded.
The bat closely misses you. The goblin hits you but does no damage.
The kobold misses you.
The rat twitches its whiskers.
You scratch the gnoll.
The gnoll is severely wounded.
The bat misses you. The gnoll closely misses you. The kobold misses you.
The rat bites you.
You scratch the goblin.
The goblin is severely wounded.
The bat closely misses you. The goblin misses you. The gnoll barely misses you.
The kobold completely misses you. The rat closely misses you.
You barely miss the goblin.
The goblin is severely wounded.
The goblin hits you but does no damage. The hobgoblin hits you.
You die...

................rg.
..............Kb..#...#
...........########....
...........# ####...#.
...........# #........
...........# ##...#>...
...........# #........
...........####rgK.##
########.......g@gb.#
#########....# #....#
#....# #...## #####


You could see a gnoll, a hobgoblin, a goblin, a bat, a kobold and a rat.

Vanquished Creatures
  A leopard gecko (D:1)
  2 bats (D:1)
  2 giant cockroaches (D:1)
  A goblin (D:1)
  A hobgoblin (D:1)
  2 kobolds (D:1)
  A frilled lizard (D:1)
10 creatures vanquished.

Notes
Turn   | Place    | Note
-------+----------+-------------------------------------------
     0 | D:1      | inc the Felid Enchanter began the quest for the Orb.
     0 | D:1      | Reached XP level 1. HP: 7/7 MP: 4/4
   302 | D:1      | Reached XP level 2. HP: 4/11 MP: 6/6
   961 | D:1      | Slain by a hobgoblin

Illustrated notes

Levels and vault maps discovered:
D:1:      minmay_arrival_five_plusses, layout_basic

Skill      XL: |  1  2 |
---------------+-------+-----
Dodging        | 3 4 |  4.0
Stealth        | |  4.0
Unarmed Combat | |  1.0
Spellcasting   | |  2.0
Hexes          | |  4.4

Action                   || total
-------------------------++-------
Melee: Unarmed           ||    65
       Bite              ||     8
 Cast: Corona            ||     3
 Stab: Sleeping          ||     3
Armor: Skin              ||     5
Dodge: Dodged            ||   101
